 Adventure DCSS version bcrawl-1.21.2-28-g2cb1824106 (webtiles) character file.

Game seed: 9919628750622467564

1314 galech the Cleaver (level 8, -26/64 HPs)
             Began as a Demonspawn Fighter on Mar 10, 2020.
             Was an Elder of Okawaru.
             Killed from afar by Harold (31 damage)
             ... with a bolt of fire
             ... on level 8 of the Dungeon.
             The game lasted 00:10:02 (9168 turns).

galech the Cleaver (Demonspawn Fighter)             Turns: 9168, Time: 00:10:03

Health: -26/64     AC: 11    Str: 16    XL:     8   Next: 32%
Magic:  8/8        EV: 13    Int: 10    God:    Okawaru [****..]
Gold:   512        SH: 11    Dex: 20    Spells: 7/7 levels left
                                        Lives:  0   Deaths: 2

rFire    . . .     SeeInvis .   G - +0 broad axe
rCold    . . .     Gourm    .   c - +0 medium shield
rNeg     . . .     Faith    +   b - +0 scale mail
rPois    .         Spirit   .   n - +0 helmet
rElec    .         Reflect  .   k - +0 cloak
rCorr    .         Harm     .   l - +0 pair of gloves
MR       .....                  (no boots)
Stlth    +.........             r - amulet of faith
HPRegen  0.20/turn              F - +4 ring of dexterity
MPRegen  0.11/turn              (no ring)

@: no status effects
A: hooves 1, repulsion field 2, spiny 1, rot immunity
a: Heroism, Renounce Religion


You were on level 8 of the Dungeon.
You worshipped Okawaru.
Okawaru was greatly pleased with you.
You were not hungry.

You visited 2 branches of the dungeon, and saw 9 of its levels.

You collected 512 gold pieces.

Inventory:

Hand Weapons
 w - the +0 hand axe "Jithros" {chop, *Contam MR+ Stlth+}
   (You took it off a crimson imp on level 5 of the Dungeon)

   It inflicts extra damage upon your enemies.
   It affects your resistance to hostile enchantments.
   It causes magical contamination when unequipped.
   It makes you more stealthy.
 C - the +9 whip "Zeig" {antimagic, rF+ MR- Str+3 SInv}
   (You found it on level 8 of the Dungeon)

   It reduces the magical energy of the wielder, and disrupts the spells and
   magical abilities of those hit.
   Natural abilities and divine invocations are not affected.
   It affects your strength (+3).
   It protects you from fire.
   It affects your resistance to hostile enchantments.
   It lets you see invisible.
 G - a +0 broad axe (weapon)
Armour
 b - a +0 scale mail (worn)
 c - a +0 medium shield (worn)
 k - a +0 cloak (worn)
 l - a +0 pair of gloves (worn)
 n - a +0 helmet (worn)
Jewellery
 r - an amulet of faith (around neck)
 F - a +4 ring of dexterity (left hand)
Wands
 f - a wand of disintegration (6)
 t - a wand of polymorph (4)
 y - a wand of iceblast (7)
Scrolls
 g - a scroll of enchant weapon {unknown}
 h - 7 scrolls of identify {unknown}
 m - 2 scrolls of fog {unknown}
 o - 2 scrolls of magic mapping {unknown}
 p - 4 scrolls of remove curse {unknown}
 q - 4 scrolls of teleportation {unknown}
 s - a scroll of amnesia {unknown}
 B - a scroll of immolation {unknown}
 D - a scroll of blinking {unknown}
Potions
 a - a potion of experience {unknown}
 d - 4 potions of curing {unknown}
 i - 2 potions of heal wounds {unknown}
 j - 2 potions of degeneration {unknown}
 u - a potion of brilliance {unknown}
 v - a potion of lignification {unknown}
 x - a potion of magic {unknown}
 z - a potion of might
 A - a potion of agility {unknown}
 E - a potion of invisibility {unknown}
Comestibles
 e - 8 rations {!d}
 H - 7 chunks of flesh


   Skills:
 + Level 6.2 Fighting
 + Level 9.3 Axes
 + Level 6.3 Armour
 + Level 3.9 Dodging
 + Level 1.3 Stealth
 + Level 6.3 Shields
 + Level 0.3 Invocations


You had 7 spell levels left.
You didn't know any spells.
Your spell library contained the following spells:

 Spells                   Type           Power        Failure   Level  Hunger
 Confuse                  Hex            #.......     100%        3    ####...
 Dazzling Spray           Conj/Hex       #.....       100%        3    ####...
 Petrify                  Tmut/Erth      #.......     100%        4    #####..
 Yara's Violent Unravell  Hex/Tmut       #.........   100%        4    #####..
 Metabolic Englaciation   Hex/Ice        #.........   100%        5    ######.
 Mana Rupture             Conj/Hex       #.........   100%        7    #######


Dungeon Overview and Level Annotations

Branches:
Dungeon (8/12)             Temple (1/1) D:5            Lair (0/6) D:8
    Orc: D:8-11

Altars:
Ashenzari
Cheibriados
Dithmenos
Elyvilon
Fedhas
Gozag
Kikubaaqudgha
Lugonu
Makhleb
Nemelex Xobeh
Okawaru
Qazlal
Ru
Sif Muna
Trog
Uskayaw
Wu Jian
Xom
Yredelemnul
Zin
The Shining One

Shops:
D:4 *   D:5 [

Annotations:
D:6 exclusion: oklob plant
D:7 4 runed doors
D:8 Harold


Innate Abilities, Weirdness & Mutations

You have large cloven feet.
You are surrounded by a moderate repulsion field. (EV +3)
You are partially covered in sharp spines.
You are immune to rotting.


Message History

You barely miss Harold.
Harold is moderately wounded.
Harold is struck by your spines. Harold misses you.
You hit Harold but do no damage. You kick Harold, but do no damage.
Harold is heavily wounded.
Harold hits you with a +2 trident of piercing.
Harold blocks your attack.
You kick Harold, but do no damage.
Harold is heavily wounded.
Harold hits you with a +2 trident of piercing!
* * * LOW HITPOINT WARNING * * *
x2 You slash Harold!
Harold is heavily wounded.
Harold is struck by your spines.
Harold hits you with a +2 trident of piercing.
* * * LOW HITPOINT WARNING * * *
x2 Harold blocks your attack.
Harold is heavily wounded.
Harold gestures at you while chanting. The bolt of fire hits you!!
You die...

.......# #.##.##.### ....##.###
#..)....# ##.## ###......#
###...### #... # #o##.#.####
#..(# #..##.# #.).......# #.[.#
#...#.##
#))..#..#.###...#######......#
#...@#..#...)..)....#........#
#..............).............#.
#...##.†#..>.@@.....#.#........
#.........#.#...#.###.#......##
#.####.####o#...#.# #.......##
.... ...####(#...#.# ######.##
.... #####..)<#...#.# .# ###
##...o)##.##.# .#
#............# # #.........####
#.......###


You could see Harold.

Vanquished Creatures
  An ugly thing (D:7)
  A wyvern (D:6)
  A hungry ghost (D:7)
  3 wargs
  Duvessa (D:4)
  A water moccasin (D:7)
  3 orc warriors
  3 sky beasts
  2 ice beasts (D:7)
  An ogre (D:8)
  A necrophage (D:6)
  2 phantoms
  A centaur (D:6)
  A big kobold (D:7)
  5 bullfrogs
  A water moccasin skeleton (D:5)
  A scorpion (D:7)
  Dowan (D:4)
  4 killer bees
  A howler monkey (D:6)
  8 crimson imps
  A centaur zombie (D:8)
  4 hounds
  A jelly (D:7)
  10 orc priests
  2 centaur skeletons
  8 orc wizards
  An iguana (D:5)
  6 worker ants
  A killer bee zombie (D:4)
  2 worker ant zombies (D:6)
  A howler monkey skeleton (D:6)
  10 adders
  2 shadow imps
  2 adder skeletons
  3 worms
  4 dart slugs
  6 leopard geckos
  28 orcs
  6 giant cockroaches
  8 goblins
  6 hobgoblins
  11 jackals
  4 quokkas
  A ball python (D:2)
  4 bats
  5 frilled lizards
  12 kobolds
  7 rats
199 creatures vanquished.

Notes
Turn   | Place    | Note
-------+----------+-------------------------------------------
     0 | D:1      | galech the Demonspawn Fighter began the quest for the Orb.
     0 | D:1      | Reached XP level 1. HP: 18/18 MP: 1/1
   157 | D:1      | Reached skill level 2 in Axes
   216 | D:1      | Gained mutation: You are surrounded by a mild repulsion
                  | field. (EV +2) [demonic ancestry]
   216 | D:1      | Reached XP level 2. HP: 24/24 MP: 2/2
   698 | D:1      | Reached XP level 3. HP: 29/29 MP: 3/3
  1411 | D:2      | Reached XP level 4. HP: 35/35 MP: 4/4
  1466 | D:2      | Found a basalt altar of Yredelemnul.
  1627 | D:3      | Reached skill level 3 in Axes
  1767 | D:3      | Reached XP level 5. HP: 40/41 MP: 5/5
  1863 | D:3      | Reached skill level 1 in Dodging
  2057 | D:3      | Noticed a phantom
  2100 | D:3      | Killed a phantom
  2306 | D:3      | Gained mutation: You are partially covered in sharp spines.
                  | [demonic ancestry]
  2306 | D:3      | Reached XP level 6. HP: 25/47 MP: 6/6
  2308 | D:3      | Reached skill level 4 in Axes
  2574 | D:4      | Noticed Dowan
  2575 | D:4      | Noticed Duvessa
  2583 | D:4      | Killed Dowan
  2584 | D:4      | Killed Duvessa
  2662 | D:4      | Found a glowing silver altar of Zin.
  2777 | D:4      | Found Haet's Assorted Antiques.
  3338 | D:4      | Gained mutation: You are immune to rotting. [demonic
                  | ancestry]
  3338 | D:4      | Reached XP level 7. HP: 48/53 MP: 7/7
  3454 | D:5      | Entered Level 5 of the Dungeon
  3454 | D:5      | Found Ysmisa's Antique Armour Shop.
  3454 | D:5      | Found a snail-covered altar of Cheibriados.
  3494 | D:5      | Found a staircase to the Ecumenical Temple.
  3521 | Temple   | Entered the Ecumenical Temple
  3821 | D:5      | Reached skill level 5 in Axes
  4019 | D:5      | Identified the +0 hand axe "Jithros" {chop, *Contam MR+
                  | Stlth+}
  4379 | D:5      | Found a shattered altar of Ashenzari.
  4380 | D:5      | Found a glowing golden altar of the Shining One.
  4381 | D:5      | Found a blossoming altar of Fedhas.
  4381 | D:5      | Found an iron altar of Okawaru.
  4436 | D:5      | Became a worshipper of Warmaster Okawaru
  4494 | D:5      | Found an ancient bone altar of Kikubaaqudgha.
  4621 | D:6      | Noticed a wyvern
  4872 | D:6      | Reached skill level 1 in Stealth
  4872 | D:6      | Gained mutation: You are surrounded by a moderate repulsion
                  | field. (EV +3) [demonic ancestry]
  4872 | D:6      | Reached XP level 8. HP: 40/60 MP: 8/8
  5154 | D:6      | Reached * piety under Okawaru
  5154 | D:6      | Reached skill level 5 in Shields
  5156 | D:6      | Reached skill level 6 in Axes
  5358 | D:6      | HP: 1/61 [orc priest/nerve-wracking pain (14)]
  5701 | D:6      | Reached skill level 5 in Armour
  5882 | D:6      | Noticed an oklob plant
  5924 | D:6      | Reached ** piety under Okawaru
  6169 | D:6      | Found a shimmering blue altar of Sif Muna.
  6220 | D:6      | Reached XP level 9. HP: 57/67 MP: 9/9
  6317 | D:6      | Reached skill level 5 in Fighting
  6317 | D:6      | Reached skill level 7 in Axes
  6582 | D:7      | Found a huge runed gate.
  6582 | D:7      | Noticed a polar bear
  6583 | D:7      | Found a huge runed gate.
  6583 | D:7      | Found a huge runed gate.
  6583 | D:7      | Found a huge runed gate.
  6584 | D:7      | Noticed a polar bear
  6584 | D:7      | Noticed a polar bear
  6588 | D:7      | Noticed a polar bear
  6604 | D:7      | Found an ornate altar of the Wu Jian Council.
  7420 | D:7      | Noticed a purple ugly thing
  7433 | D:7      | Killed a purple ugly thing
  7433 | D:7      | Reached *** piety under Okawaru
  7433 | D:7      | Reached skill level 8 in Axes
  8570 | D:8      | Reached **** piety under Okawaru
  8570 | D:8      | Gained mutation: You have large cloven feet. [demonic
                  | ancestry]
  8570 | D:8      | Reached XP level 10. HP: 59/76 MP: 10/10
  8669 | D:8      | Found a burning altar of Makhleb.
  8681 | D:8      | Got an encrusted whip
  8683 | D:8      | Identified the +9 whip "Zeig" {antimagic, rF+ MR- Str+3
                  | SInv} (You found it on level 8 of the Dungeon)
  8766 | D:8      | Found a staircase to the Lair.
  8766 | D:8      | Noticed Harold
  8802 | D:7      | Reached skill level 9 in Axes
  9110 | D:8      | Killed from afar by an orc priest
  9111 | D:8      | Reached XP level 9. HP: -5/69 MP: 9/9
  9144 | D:8      | Killed from afar by Harold
  9145 | D:8      | Reached XP level 8. HP: -4/64 MP: 8/8
  9168 | D:8      | Killed from afar by Harold

Skill      XL: |  1  2  3  4  5  6  7  8  9 10 |
---------------+-------------------------------+-----
Axes           | 2 3 4 5 6 8 9 |  9.3
Shields        | 3 4 5 6 |  6.3
Armour         | 3 4 5 6 |  6.3
Dodging        | 1 2 3 |  3.9
Fighting       | 4 6 |  6.2
Stealth        | 1 |  1.3
Invocations    | |  0.3

Action                   |  1- 3 |  4- 6 |  7- 9 | 10-12 || total
-------------------------+-------+-------+-------+-------++-------
Melee: War axe           |   135 |   157 |   244 |       ||   536
       Broad axe         |       |       |   156 |    30 ||   186
       Kick              |       |       |    11 |     8 ||    19
Invok: Heroism           |       |       |     2 |       ||     2
  Use: Potion            |       |     1 |       |       ||     1
  Eat: Chunk             |     2 |     5 |     9 |     2 ||    18
       Ration            |       |       |     3 |       ||     3
Armor: Scale mail        |    66 |    69 |   110 |    19 ||   264
Dodge: Dodged            |    50 |    52 |   162 |    23 ||   287
Block: Medium shield     |    83 |    99 |   209 |    28 ||   419
